 Dungeon Sprint DCSS version 0.26-a0-958-gf3041fb45f (webtiles) character file.

Game seed: 3907627972833610248

1927 iamoutofideas the Thaumaturge (level 8, -1/41 HPs)
             Began as a Deep Elf Fire Elementalist on Dec 2, 2020.
             Was a Priest of Vehumet.
             Slain by a two-headed ogre
             ... wielding a cursed +0 giant club
              (9 damage)
             ... in the Dungeon (Sprint III: "The Ten Rune Challenge").
             The game lasted 00:04:15 (1476 turns).

iamoutofideas the Thaumaturge (DEFE)                Turns: 1476, Time: 00:04:16

Health: -1/41      AC:  2    Str:  5    XL:     8   Next: 96%
Magic:  18/28      EV:  7    Int: 23    God:    Vehumet [***...]
Gold:   37         SH:  0    Dex: 15    Spells: 23/36 levels left

rFire    . . .     SeeInvis .   q - +1 dagger (venom)
rCold    . . .     Faith    .   (no shield)
rNeg     . . .     Spirit   .   a - +0 robe
rPois    .         Reflect  .   (no helmet)
rElec    .         Harm     .   (no cloak)
rCorr    .         Rampage  .   (no gloves)
MR       .....     NoTele   +   (no boots)
Stlth    ++........             (no amulet)
HPRegen  0.13/turn              (no ring)
MPRegen  0.21/turn              (no ring)

@: held
A: no striking features
a: Renounce Religion


You were in the Dungeon.
You worshipped Vehumet.
Vehumet was most pleased with you.
You visited 1 branch You collected 37 gold pieces.

Inventory:

Hand Weapons
 q - a +1 dagger of venom (weapon)
Armour
 a - a +0 robe (worn)
Wands
 p - a wand of iceblast (14)
Scrolls
 b - a scroll of holy word {unknown}
 h - 2 scrolls of blinking
 i - a scroll of random uselessness {unknown}
 l - a scroll of torment {unknown}
 m - a scroll of identify {unknown}
 n - 2 scrolls of remove curse
Potions
 c - a potion of curing
 d - 3 potions of heal wounds
 e - a potion of haste
 f - a potion of magic
 g - a potion of berserk rage
 j - a potion of flight {unknown}
 k - 6 potions of mutation
 o - a potion of might


   Skills:
 - Level 2.4 Dodging
 - Level 2.4 Stealth
 + Level 14.7 Spellcasting
 + Level 12.4 Conjurations
 + Level 12.8 Fire Magic


You had 23 spell levels left.
You knew the following spells:

 Your Spells              Type           Power        Failure   Level
a - Foxfire               Conj/Fire      ####         0%          1
b - Conjure Flame         Conj/Fire      ######..     1%          3
c - Sticky Flame          Conj/Fire      ######..     1%          4
d - Fireball              Conj/Fire      ######....   1%          5

Your spell library contained the following spells:

 Spells                   Type           Power        Failure   Level
 Static Discharge         Conj/Air       #####...     1%          3
 Inner Flame              Hex/Fire       #####...     1%          3
 Animate Skeleton         Necr           ###...       3%          1
 Apportation              Tloc           ###...       3%          1
 Corona                   Hex            ###....      3%          1
 Summon Small Mammal      Summ           ###.         3%          1


Dungeon Overview and Level Annotations

Branches:
Dungeon (1/1)

Altars:
Cheibriados
Dithmenos
Elyvilon
Fedhas
Gozag
Hepliaklqana
Kikubaaqudgha
Makhleb
Nemelex Xobeh
Okawaru
Qazlal
Ru
Sif Muna
Trog
Uskayaw
Vehumet
Wu Jian
Xom
Yredelemnul
Zin
The Shining One
Beogh
Jiyva
Lugonu

Annotations:
D Erolcha


Message History

You can't close doors while held in a net.
You can't close doors while held in a net.
Magic courses through your body. Erolcha casts a spell at you.
You resist with some effort.
Unknown command.
Casting: Fireball (safe; 1% risk of failure)
Confirm with . or Enter, or press ? or * to list all spells.
Aiming: Sticky Flame (safe; 1% risk of failure)
Press: ? - help, Shift-Dir - straight line, f - two-headed ogre
Aim: a two-headed ogre, wielding two +0 giant clubs (heavily wounded, 0% to evade)
The sticky flame hits the two-headed ogre!
The two-headed ogre is severely wounded.
The two-headed ogre is covered in liquid flames!
The two-headed ogre burns!
Erolcha tries to grin evilly.
The two-headed ogre hits you with a cursed +0 giant club!
* * * LOW HITPOINT WARNING * * *
The two-headed ogre hits you with a +0 giant club!
You die...

#)## ...# ...# ##'#
...#+##############
...#....#.#.#.....# ^
...##.#..#.##.###.# ...
...'##)#.#.##.#..##....^
...#.).#..#.)##.@O^^.^.^
▓▓▓▓▓▓▓▓▓▓▓▓▓▓▓▓▓#.O....
...... ..... ..^^. ####


You could see a two-headed ogre (burning) and Erolcha.

Vanquished Creatures
  A deep elf mage (D)
  A shadow (D)
  2 redbacks (D)
  A necrophage (D)
  4 two-headed ogres (D)
  A water elemental (D)
  A scorpion (D)
  A jelly (D)
  A wizard (D)
  A necromancer (D)
  A kobold demonologist (D)
  3 humans (D)
  2 oozes (D)
  2 rats (D)
22 creatures vanquished.

Vanquished Creatures (others)
  75 foxfires (D)
75 creatures vanquished.

Grand Total: 97 creatures vanquished

Notes
Turn   | Place    | Note
-------+----------+-------------------------------------------
     0 | D        | iamoutofideas the Deep Elf Fire Elementalist began the
                  | quest for the Orb.
     0 | D        | Reached XP level 1. HP: 10/10 MP: 6/6
    12 | D        | Reached skill level 4 in Spellcasting
    12 | D        | Reached XP level 2. HP: 6/15 MP: 0/9
   250 | D        | Reached skill level 5 in Spellcasting
   250 | D        | Reached skill level 5 in Fire Magic
   250 | D        | Reached XP level 3. HP: 19/19 MP: 1/11
   366 | D        | Noticed a scorpion
   374 | D        | Killed a scorpion
   375 | D        | Reached skill level 6 in Spellcasting
   375 | D        | Reached skill level 5 in Conjurations
   375 | D        | Reached XP level 4. HP: 24/24 MP: 5/14
   418 | D        | Learned a level 3 spell: Conjure Flame
   425 | D        | Learned a level 4 spell: Sticky Flame
   437 | D        | Noticed a water elemental
   444 | D        | Killed a water elemental
   445 | D        | Reached skill level 8 in Spellcasting
   507 | D        | Found a basalt altar of Yredelemnul.
   507 | D        | Found a shadowy altar of Dithmenos.
   507 | D        | Found a sacrificial altar of Ru.
   507 | D        | Noticed a necrophage
   510 | D        | Reached XP level 5. HP: 27/28 MP: 14/17
   514 | D        | Killed a necrophage
   515 | D        | Reached skill level 9 in Spellcasting
   594 | D        | Learned a level 5 spell: Fireball
   594 | D        | Found a radiant altar of Vehumet.
   594 | D        | Found a shimmering blue altar of Sif Muna.
   594 | D        | Found an ancient bone altar of Kikubaaqudgha.
   596 | D        | Reached skill level 10 in Spellcasting
   596 | D        | Reached XP level 6. HP: 32/32 MP: 15/21
   606 | D        | Became a worshipper of Vehumet
   638 | D        | Found a glowing silver altar of Zin.
   638 | D        | Found a glowing golden altar of the Shining One.
   638 | D        | Found a white marble altar of Elyvilon.
   640 | D        | Noticed a deep elf mage
   641 | D        | Killed a deep elf mage
   642 | D        | Reached skill level 12 in Spellcasting
   642 | D        | Reached skill level 10 in Conjurations
   642 | D        | Reached skill level 10 in Fire Magic
   642 | D        | Reached XP level 7. HP: 36/36 MP: 6/24
   735 | D        | Found a hide-covered altar of Uskayaw.
   735 | D        | Found a roughly hewn altar of Beogh.
   735 | D        | Found an iron altar of Okawaru.
   735 | D        | Found a bloodstained altar of Trog.
   735 | D        | Found an ornate altar of the Wu Jian Council.
   735 | D        | Noticed a human
   737 | D        | Noticed a human
   741 | D        | Killed a human
   741 | D        | Killed a human
   741 | D        | Reached * piety under Vehumet
   741 | D        | Offered knowledge of Sandblast by Vehumet.
   742 | D        | Reached skill level 13 in Spellcasting
   838 | D        | Noticed a shadow
   839 | D        | Killed a shadow
   840 | D        | Reached XP level 8. HP: 41/41 MP: 22/27
   866 | D        | Found a blossoming altar of Fedhas.
   866 | D        | Found a stormy altar of Qazlal.
   866 | D        | Found a snail-covered altar of Cheibriados.
   866 | D        | Found a burning altar of Makhleb.
   866 | D        | Found a shimmering altar of Xom.
   867 | D        | Found a hazy altar of Hepliaklqana.
   867 | D        | Found an opulent altar of Gozag.
   867 | D        | Found a sparkling altar of Nemelex Xobeh.
   867 | D        | Found a corrupted altar of Lugonu.
   867 | D        | Found a viscous altar of Jiyva.
  1258 | D        | Reached ** piety under Vehumet
  1258 | D        | Offered knowledge of Searing Ray by Vehumet.
  1400 | D        | Noticed a two-headed ogre
  1409 | D        | Killed a two-headed ogre
  1410 | D        | Reached skill level 14 in Spellcasting
  1469 | D        | Noticed Erolcha
  1470 | D        | Noticed a two-headed ogre
  1472 | D        | Offered knowledge of Static Discharge by Vehumet.
  1474 | D        | Reached *** piety under Vehumet
  1476 | D        | Slain by a two-headed ogre

Illustrated notes

Levels and vault maps discovered:
D:        dungeon_sprint_mu [sprint_mu_entry_forest, sprint_mu_temple_rooms,
          sprint_mu_d1_spiders, sprint_mu_d2_genie, sprint_mu_d3_branching,
          sprint_mu_orc_legion, sprint_mu_elf_gauntlet, sprint_mu_hive_nellie,
          sprint_mu_lair_fedhas, sprint_mu_vaults_butterflies,
          sprint_mu_slime_circle, sprint_mu_shoals_archi,
          sprint_mu_snake_twists, sprint_mu_blade_basic, sprint_mu_crypt_lich,
          sprint_mu_tomb_spiral, sprint_mu_vestibule_basic,
          sprint_mu_gehenna_hellfire, sprint_mu_dis_giant,
          sprint_mu_tartarus_statrot, sprint_mu_cocytus_islands, sprint_mu_zot1]

Skill      XL: |  1  2  3  4  5  6  7  8 |
---------------+-------------------------+-----
Conjurations   | 2 3 5 6 8 10 11 12 | 12.4
Spellcasting   | 4 5 6 8 10 12 13 14 | 14.7
Fire Magic     | 4 5 6 7 8 10 11 12 | 12.8
Dodging        | |  2.4
Stealth        | |  2.4

Action                   |  1- 3 |  4- 6 |  7- 9 || total
-------------------------+-------+-------+-------++-------
 Cast: Foxfire           |    24 |    15 |    12 ||    51
       Fireball          |       |     4 |    12 ||    16
       Sticky Flame      |       |       |     8 ||     8
  Use: Potion            |       |       |     1 ||     1
Dodge: Dodged            |     3 |     3 |     8 ||    14

Table legend: (Time is in decaauts)
 A = Elapsed time spent in this place.
 B = Non-inter-level travel time spent in this place.
 C = Inter-level travel time spent in this place.
 D = Time resting spent in this place.
 E = Time spent auto-exploring this place.
 F = Levels seen in this place.
 G = Mean time per level.
                   A        B        C        D        E       F      G
               +--------+--------+--------+--------+--------+-----+--------+
         Total |   1479 |   1458 |     21 |   1122 |      0 |   1 | 1479.0 |
       Dungeon |   1479 |   1458 |     21 |   1122 |      0 |   1 | 1479.0 |
               +--------+--------+--------+--------+--------+-----+--------+

Top non-repeatable levels by time:
       D: 1479 daAuts
